 Dungeon Crawl Stone Soup version 0.27-a0-1532-gca18f49f40 (webtiles) character file.

Game seed: 16418037924214250183

159 bande the Shield-Bearer (level 5, -3/33 HPs)
             Began as a Gargoyle Fighter on July 13, 2021.
             Slain by Terence (7 damage)
             ... on level 3 of the Dungeon.
             The game lasted 00:04:32 (2332 turns).

bande the Shield-Bearer (Gargoyle Fighter)          Turns: 2332, Time: 00:04:33

Health: -3/33      AC: 11    Str: 19    XL:     5   Next: 40%
Magic:  5/5        EV:  7    Int:  9    God:
Gold:   86         SH: 10    Dex: 10    Spells: 4/4 levels left

rFire    . . .     SeeInvis .   a - +0 war axe (elec)
rCold    . . .     Faith    .   c - +1 kite shield
rNeg     + + .     Spirit   .   b - +0 scale mail
rPois    ∞         Reflect  .   (no helmet)
rElec    +         Harm     .   (no cloak)
rCorr    +         Rampage  .   (no gloves)
Will     .....                  (no boots)
Stlth    ..........             (no amulet)
HPRegen  0.11/turn              l - ring of positive energy
MPRegen  0.09/turn              r - ring of resist corrosion

@: mighty
A: sickness immunity, AC +4, negative energy resistance 1, electricity
resistance, torment resistance 1, petrification resistance
a: no special abilities


You were on level 3 of the Dungeon.
You visited 1 branch of the dungeon, and saw 3 of its levels.

You collected 86 gold pieces.

Inventory:

Hand Weapons
 a - a +0 war axe of electrocution (weapon)
Missiles
 m - 6 atropa-tipped darts (quivered)
Armour
 b - a +0 scale mail (worn)
 c - a +1 kite shield (worn)
Jewellery
 e - a +6 ring of intelligence
 f - a ring of wizardry
 l - a ring of positive energy (left hand)
 r - a ring of resist corrosion (right hand)
Scrolls
 g - a scroll of amnesia
 h - a scroll of identify
 i - a scroll of magic mapping {unknown}
 j - a scroll of immolation {unknown}
Potions
 k - a potion of cancellation
 n - a potion of haste


   Skills:
 + Level 4.1 Fighting
 + Level 3.2 Axes
 + Level 3.8 Armour
 + Level 0.5 Dodging
 + Level 4.3 Shields


You had 4 spell levels left.
You didn't know any spells.
Your spell library contained the following spells:

 Spells                   Type           Power      Damage    Failure   Level
 Animate Skeleton         Necr           0%         N/A       99%         1
 Apportation              Tloc           0%         N/A       99%         1
 Corona                   Hex            0%         N/A       99%         1
 Summon Small Mammal      Summ           0%         N/A       99%         1
 Passwall                 Tmut/Erth      0%         N/A       100%        2
 Swiftness                Air            0%         N/A       100%        3
 Invisibility             Hex            0%         N/A       100%        6


Dungeon Overview and Level Annotations

Branches:
Dungeon (3/15)

Altars:

Annotations:
D:3 Terence


Innate Abilities, Weirdness & Mutations

You are immune to sickness and miasma.
Your stone body is resilient. (AC +4)
You are immune to poison.
You resist negative energy. (rN+)
You are resistant to electric shocks. (rElec)
You are resistant to unholy torment.
You are immune to petrification.


Message History

Terence hits you but does no damage.
Your scale mail prevents you from hitting Terence.
Terence hits you but does no damage.
Terence hits you with a +2 flail of protection!
You hit Terence but do no damage. You block Terence's attack.
You hit Terence but do no damage. You block Terence's attack.
Terence hits you with a +2 flail of protection!
You are too injured to fight recklessly!
You are too injured to fight recklessly!
You are too injured to fight recklessly!
You are too injured to fight recklessly!
You are too injured to fight recklessly!
You are too injured to fight recklessly!
You are too injured to fight recklessly!
You hit Terence but do no damage. Lightning courses through Terence!
Terence is severely wounded.
Terence hits you with a +2 flail of protection.
You hit Terence.
Terence is severely wounded.
Terence hits you with a +2 flail of protection.
* * * LOW HITPOINT WARNING * * *
Terence hits you with a +2 flail of protection.
* * * LOW HITPOINT WARNING * * *
You closely miss Terence.
Terence is severely wounded.
You block Terence's attack.
Terence hits you with a +2 flail of protection.
* * * LOW HITPOINT WARNING * * *
You hit Terence but do no damage.
Terence is severely wounded.
Terence barely misses you.
You feel very mighty all of a sudden. You block Terence's attack.
You barely miss Terence.
Terence is severely wounded.
You block Terence's attack. Terence barely misses you.
You hit Terence.
Terence is almost dead.
Terence hits you with a +2 flail of protection!
You die...

####
###...####
#.@@......
#.##+#####
#.# #.#
#.# #.#
#.# #.#
#.#


You could see Terence.

Vanquished Creatures
  A bullfrog skeleton (D:3)
  Robin (D:3)
  3 adders
  2 dart slugs (D:1)
  4 orcs (D:3)
  2 ball pythons (D:2)
  4 bats
  2 endoplasms
  4 giant cockroaches
  13 goblins
  12 hobgoblins
  4 jackals (D:2)
  7 kobolds
  4 quokkas
  4 frilled lizards
  7 rats
74 creatures vanquished.

Vanquished Creatures (others)
  8 plants (D:2)
8 creatures vanquished.

Grand Total: 82 creatures vanquished

Notes
Turn   | Place    | Note
-------+----------+-------------------------------------------
     0 | D:1      | bande the Gargoyle Fighter began the quest for the Orb.
     0 | D:1      | Reached XP level 1. HP: 14/14 MP: 1/1
   227 | D:1      | Reached XP level 2. HP: 15/19 MP: 2/2
   755 | D:1      | Reached XP level 3. HP: 24/24 MP: 3/3
  1430 | D:2      | Reached XP level 4. HP: 23/29 MP: 4/4
  1717 | D:3      | Found a faded altar of an unknown god.
  1881 | D:3      | Noticed Robin
  1884 | D:3      | Reached XP level 5. HP: 30/33 MP: 5/5
  1893 | D:3      | Killed Robin
  2314 | D:3      | Noticed Terence
  2332 | D:3      | Slain by Terence

Illustrated notes

Levels and vault maps discovered:
D:1:      dpeg_arrival_renting, layout_loops_ring, minmay_tall_x
D:2:      layout_rooms, dk_noncrumbling_4, serial_bayou_pond_b,
          grunt_decor_arrowhead, st_stairs_8, minmay_hexomino_f4
D:3:      layout_rooms, ebering_ecumenical_altar_webs, nrook_uturn, uniq_robin,
          uniq_terence

Skill      XL: |  1  2  3  4  5 |
---------------+----------------+-----
Axes           | 2 3 |  3.2
Fighting       | 4 |  4.1
Shields        | 4 |  4.3
Armour         | |  3.8
Dodging        | |  0.5

Action                   |  1- 3 |  4- 6 || total
-------------------------+-------+-------++-------
Melee: War axe           |   124 |    85 ||   209
  Use: Scroll            |       |     9 ||     9
       Potion            |       |     2 ||     2
Armor: Scale mail        |    90 |    60 ||   150
Dodge: Dodged            |    37 |    33 ||    70
Block: Kite shield       |    83 |    67 ||   150

Table legend: (Time is in decaauts)
 A = Elapsed time spent in this place.
 B = Non-inter-level travel time spent in this place.
 C = Inter-level travel time spent in this place.
 D = Time resting spent in this place.
 E = Time spent auto-exploring this place.
 F = Levels seen in this place.
 G = Mean time per level.
                   A        B        C        D        E       F      G
               +--------+--------+--------+--------+--------+-----+--------+
         Total |   2461 |   2461 |      0 |    240 |   1641 |   3 |  820.3 |
       Dungeon |   2461 |   2461 |      0 |    240 |   1641 |   3 |  820.3 |
               +--------+--------+--------+--------+--------+-----+--------+

Top non-repeatable levels by time:
     D:1: 992 daAuts
     D:2: 815 daAuts
     D:3: 653 daAuts
